 Dungeon Crawl Stone Soup version 0.30-a0-263-ge22c4ad894 (webtiles) character file.

Game seed: 8943209331722711417

3074 chippings the Spear-Bearer (level 9, -12/73 (77) HPs)
             Began as a Merfolk Gladiator on Oct 13, 2022.
             Was a Believer of Elyvilon.
             Mangled by Joseph
             ... wielding a +3 quarterstaff
              (16 damage)
             ... on level 7 of the Dungeon.
             The game lasted 00:21:31 (5838 turns).

chippings the Spear-Bearer (Merfolk Gladiator)      Turns: 5838, Time: 00:21:32

HP:   -12/73 (77)   AC: 10    Str: 17    XL:     9   Next: 88%
MP:   12/12         EV: 12    Int:  7    God:    Elyvilon [**....]
Gold: 458           SH:  0    Dex: 15    Spells: 8/8 levels left

rFire   + + .      SeeInvis .    f - +0 scythe
rCold   . . .      Faith    .    (shield currently unavailable)
rNeg    . . .      Spirit   .    b - +2 ring mail {rF+}
rPois   +          Reflect  .    c - +0 helmet
rElec   .          Harm     .    (no cloak)
rCorr   .          Rampage  .    l - +1 Delatra's gloves {ID++}
Will    .....                    (no boots)
Stlth   +.........               p - amulet of regeneration
HPRegen 1.12/turn                o - ring of protection from fire
MPRegen 0.13/turn                (no ring)

@: drained, unable to read
A: (nimble swimmer 2), mertail, low MP 1, poison resistance, weak 1, inability
to read after injury 1
a: Renounce Religion, Purification, Heal Other


You were on level 7 of the Dungeon.
You worshipped Elyvilon.
Elyvilon was pleased with you.
You visited 2 branches of the dungeon, and saw 8 of its levels.

You collected 458 gold pieces.

Inventory:

Hand Weapons
 f - a +0 scythe (weapon)
 z - a +0 arbalest
Missiles
 d - 2 throwing nets (quivered)
 j - 7 poisoned darts
 k - a javelin
Armour
 b - a +2 ring mail of fire resistance (worn)
 c - a +0 helmet (worn)
 h - a +2 robe of willpower
 i - +0 steam dragon scales
 l - the +1 Delatra's gloves (worn) {ID++}
   (You found it on level 3 of the Dungeon)

   It heals its wearer when they drink unknown potions.
   It restores its wearer's MP when they read unknown scrolls.
Jewellery
 o - a ring of protection from fire (left hand)
 p - an amulet of regeneration (around neck)
 B - a ring of ice
Wands
 F - a wand of digging (6)
Scrolls
 a - a scroll of enchant weapon {unknown}
 g - a scroll of blinking {unknown}
 m - 2 scrolls of noise
 q - 4 scrolls of amnesia
 s - 2 scrolls of vulnerability
 t - a scroll of brand weapon {unknown}
 u - a scroll of immolation
 v - 2 scrolls of fear {unknown}
 w - a scroll of acquirement {unknown}
 y - a scroll of poison
 A - a scroll of magic mapping {unknown}
 C - a scroll of silence {unknown}
 D - 2 scrolls of identify
 E - a scroll of teleportation {unknown}
Potions
 e - a potion of flight
 n - 3 potions of attraction
 r - a potion of mutation
 x - a potion of resistance


   Skills:
 + Level 9.4 Fighting
 + Level 11.5 Polearms
 - Level 2.0 Throwing
 - Level 2.0 Armour
 - Level 4.0 Dodging
 + Level 6.2 Invocations


You had 8 spell levels left.
You didn't know any spells.
Your spell library contained the following spells:

 Spells                   Type           Power      Damage    Failure   Level
 Summon Small Mammal      Summ           0%         N/A       63%         1
 Call Canine Familiar     Summ           0%         N/A       94%         3
 Hailstorm                Conj/Ice       0%         3d3       94%         3
 Portal Projectile        Hex/Tloc       0%         N/A       94%         3
 Summon Guardian Golem    Hex/Summ       0%         N/A       94%         3
 Ice Form                 Ice/Tmut       0%         N/A       100%        4
 Leda's Liquefaction      Hex/Erth       0%         N/A       100%        4
 Alistair's Intoxication  Tmut/Pois      0%         N/A       100%        5
 Borgnjor's Vile Clutch   Necr/Erth      0%         N/A       100%        5
 Eringya's Noxious Bog    Tmut/Pois      0%         N/A       100%        6
 Simulacrum               Ice/Necr       0%         N/A       100%        6


Dungeon Overview and Level Annotations

Branches:
Dungeon (7/15)             Temple (1/1) D:6

Altars:
Ashenzari
Cheibriados
Elyvilon
Fedhas
Gozag
Hepliaklqana
Kikubaaqudgha
Makhleb
Nemelex Xobeh
Okawaru
Qazlal
Ru
Sif Muna
Trog
Uskayaw
Vehumet
Wu Jian
Xom
Yredelemnul
Zin

Shops:
D:3 (

Annotations:
D:7 Joseph


Innate Abilities, Weirdness & Mutations

((You are very nimble when in or above water. (Stealth+, EV+, Speed+++)))
Your lower body shifts to a powerful aquatic tail in water.
Your magical capacity is low. (-10% MP)
Your system is resistant to poisons. (rPois)
You are weak. (Str -2)
You occasionally lose the ability to read scrolls when taking damage.


Message History

The wight misses you.
You slash the wight!
You destroy the wight!
Joseph shoots a sling bullet.
The sling bullet hits you.
You slash the orc!
You kill the orc!
You impale Joseph!!
Joseph is moderately wounded.
Joseph unwields a +4 sling of flaming.
It stops flaming.
Joseph wields a +3 quarterstaff.
Joseph hits you with a +3 quarterstaff!
You barely miss Joseph.
Joseph is moderately wounded.
Joseph barely misses you.
You barely miss Joseph.
Joseph is moderately wounded.
Joseph hits you but does no damage.
You barely miss Joseph.
Joseph is moderately wounded.
Joseph hits you with a +3 quarterstaff.
You hit Joseph.
Joseph is moderately wounded.
Joseph closely misses you.
You hit Joseph but do no damage.
Joseph is moderately wounded.
Joseph hits you with a +3 quarterstaff!
You feel threatened and lose the ability to read scrolls!
You closely miss Joseph.
Joseph is moderately wounded.
Joseph hits you with a +3 quarterstaff!
* * * LOW HITPOINT WARNING * * *
You puncture Joseph!
Joseph is severely wounded.
You barely miss Joseph.
Joseph is severely wounded.
Joseph hits you with a +3 quarterstaff!
* * * LOW HITPOINT WARNING * * *
You barely miss Joseph.
Joseph is heavily wounded.
Joseph hits you with a +3 quarterstaff!
You die...

#.###....#
#.#
#.....####
#.# #####.#
. ..# #.#
#####.. ..#
#.# .......
..# #.#
.......
...# #.#
......#
#.##......#
#.@@.......
###########


You could see Joseph.

Vanquished Creatures
  Maggie (D:7)
  Sigmund (D:2)
  Menkaure (D:5)
  Edmund (D:4)
  5 ogres
  An orc warrior (D:6)
  2 ice beasts (D:6)
  A phantom (D:6)
  A bullfrog (D:6)
  2 necrophages
  8 wights (D:7)
  2 killer bees (D:7)
  A gnoll bouda (D:7)
  3 hounds
  A jelly (D:4)
  5 orc priests
  4 iguanas
  6 orc wizards
  5 gnolls
  10 adders
  A shadow imp (D:5)
  5 white imps
  2 ufetubi
  A worm (D:2)
  2 dart slugs
  18 orcs
  8 ball pythons
  10 endoplasms
  3 giant cockroaches
  10 goblins
  3 hobgoblins
  8 jackals
  5 kobolds
  7 quokkas
  6 bats
  A frilled lizard (D:1)
  6 rats
157 creatures vanquished.

Notes
Turn   | Place    | Note
-------+----------+-------------------------------------------
     0 | D:1      | chippings the Merfolk Gladiator began the quest for the
                  | Orb.
     0 | D:1      | Reached XP level 1. HP: 16/16 MP: 1/1
   114 | D:1      | Reached XP level 2. HP: 23/23 MP: 2/2
   486 | D:1      | Reached XP level 3. HP: 29/29 MP: 3/3
   898 | D:2      | Reached skill level 5 in Polearms
  1074 | D:2      | Reached XP level 4. HP: 35/35 MP: 4/4
  1133 | D:2      | Noticed Sigmund
  1149 | D:2      | Gained mutation: You are weak. (Str -2) [potion of
                  | mutation]
  1149 | D:2      | Gained mutation: Your magical capacity is low. (-10% MP)
                  | [potion of mutation]
  1149 | D:2      | Gained mutation: You occasionally lose the ability to read
                  | scrolls when taking damage. [potion of mutation]
  1149 | D:2      | Gained mutation: Your system is resistant to poisons.
                  | (rPois) [potion of mutation]
  1207 | D:2      | Killed Sigmund
  1208 | D:2      | Reached skill level 6 in Polearms
  1208 | D:2      | Reached XP level 5. HP: 43/43 MP: 4/4
  1322 | D:2      | Reached XP level 6. HP: 50/50 MP: 5/5
  1576 | D:3      | Reached skill level 5 in Fighting
  1670 | D:3      | Found the +1 Delatra's gloves {ID++}
  1862 | D:3      | Reached skill level 7 in Polearms
  1956 | D:3      | Found Fefegh's Weapon Emporium.
  2000 | D:3      | Found a broken altar of Ashenzari.
  2608 | D:4      | Reached XP level 7. HP: 45/57 MP: 6/6
  2628 | D:4      | Reached skill level 8 in Polearms
  2672 | D:4      | Noticed Edmund
  3299 | D:4      | Killed Edmund
  3550 | D:5      | Entered Level 5 of the Dungeon
  3567 | D:5      | Found a white marble altar of Elyvilon.
  3579 | D:5      | Found a radiant altar of Vehumet.
  3639 | D:5      | Became a worshipper of Elyvilon the Healer
  3769 | D:5      | Reached skill level 9 in Polearms
  3769 | D:5      | Reached skill level 1 in Armour
  3769 | D:5      | Reached XP level 8. HP: 35/67 MP: 7/7
  3773 | D:5      | Reached skill level 1 in Invocations
  3884 | D:5      | Noticed Menkaure
  3903 | D:5      | Killed Menkaure
  4248 | D:6      | Reached * piety under Elyvilon
  4608 | D:6      | Reached skill level 10 in Polearms
  4700 | D:6      | Reached XP level 9. HP: 71/74 MP: 10/10
  4746 | D:6      | Reached ** piety under Elyvilon
  4922 | D:6      | Found a staircase to the Ecumenical Temple.
  4931 | Temple   | Entered the Ecumenical Temple
  5052 | D:6      | HP: 5/111 [orc warrior/+0 dire flail (5)]
  5281 | D:7      | Noticed Maggie
  5297 | D:7      | Killed Maggie
  5310 | D:7      | Reached skill level 5 in Invocations
  5499 | D:7      | Reached skill level 11 in Polearms
  5811 | D:7      | Noticed Joseph
  5837 | D:7      | HP: 3/73 [Joseph/+3 quarterstaff (16)]
  5838 | D:7      | Mangled by Joseph

Illustrated notes

Levels and vault maps discovered:
D:1:      heliophobic_arrival_enchanted_forest, layout_basic
D:2:      layout_basic, serial_rivers, chequers_serial_rivers_large_a,
          chequers_serial_rivers_small_3, chequers_serial_rivers_small_3,
          chequers_serial_rivers_small_b, chequers_serial_rivers_micro_d,
          uniq_sigmund
D:3:      kennysheep_goblin_castle, layout_loops_ring,
          mainiacjoe_overflow_paths, serial_shops,
          nicolae_shop_bloodbath_and_beyond, pf_guarded_unrand_delatra
D:4:      cheibrodos_quashed, layout_loops_corners, minmay_fountain_box,
          uniq_edmund
D:5:      layout_cave_pools, mainiacjoe_overflow_catwalk_spiral,
          serial_column_ruins, column_ruins_circle_medium, column_ruins_hut,
          column_ruins_grid_1, column_ruins_corridor_straight,
          column_ruins_open_tiny, column_ruins_columns_dead_end,
          column_ruins_corridor_corner, column_ruins_open_tiny,
          palyth_stone_intersect, chequers_serial_rivers_large_b, st_stairs_7,
          hangedman_decor_riveting, kennysheep_generic_room_16, uniq_menkaure
D:6:      layout_gridville, minmay_temple_entry_poolview
D:7:      layout_basic, uniq_joseph, uniq_crazy_yiuf_cottage, uniq_maggie
Temple:   sentei_temple_godly_chess

Skill      XL: |  1  2  3  4  5  6  7  8  9 |
---------------+----------------------------+-----
Fighting       | 3 4 5 7 8 9 |  9.4
Polearms       | 5 6 7 9 10 11 | 11.5
Armour         | 1 2 |  2.0
Invocations    | 4 6 |  6.2
Throwing       | |  2.0
Dodging        | |  4.0

Action                   |  1- 3 |  4- 6 |  7- 9 || total
-------------------------+-------+-------+-------++-------
Melee: Trident           |    87 |   157 |   272 ||   516
       Punch             |     1 |     2 |     4 ||     7
       Tailslap          |       |     3 |       ||     3
       Halberd           |       |       |   191 ||   191
Throw: Dart              |       |     8 |     8 ||    16
       Javelin           |       |     1 |       ||     1
       Throwing net      |       |       |     3 ||     3
Invok: Heal Other        |       |       |     3 ||     3
  Use: Potion            |       |     7 |     9 ||    16
       Scroll            |       |     3 |     2 ||     5
 Stab: Held in net/web   |       |       |     1 ||     1
Armor: Leather armour    |     3 |       |       ||     3
       Ring mail         |    17 |    56 |   112 ||   185
       Skin              |       |       |    43 ||    43
Dodge: Dodged            |    46 |    96 |   203 ||   345

Table legend: (Time is in decaauts)
 A = Elapsed time spent in this place.
 B = Non-inter-level travel time spent in this place.
 C = Inter-level travel time spent in this place.
 D = Time resting spent in this place.
 E = Time spent auto-exploring this place.
 F = Levels seen in this place.
 G = Mean time per level.
                   A        B        C        D        E       F      G
               +--------+--------+--------+--------+--------+-----+--------+
         Total |   5700 |   5581 |    119 |     13 |   3113 |   8 |  712.5 |
       Dungeon |   5686 |   5567 |    119 |     13 |   3113 |   7 |  812.3 |
        Temple |     13 |     13 |      0 |      0 |      0 |   1 |   13.0 |
               +--------+--------+--------+--------+--------+-----+--------+

Top non-repeatable levels by time:
     D:4: 1033 daAuts
     D:3: 896 daAuts
     D:1: 870 daAuts
     D:6: 810 daAuts
     D:5: 795 daAuts
     D:2: 669 daAuts
     D:7: 611 daAuts
  Temple: 13 daAuts
